 Dungeon Crawl Stone Soup version 0.21-a0-426-g98080a9 (webtiles) character file.

1797252 namelastname112 the Imperceptible (level 27, 139/139 HPs)
             Began as a Vine Stalker Assassin on Nov 5, 2017.
             Was an Initiate of Gozag.
             Escaped with the Orb
             ... and 3 runes!
             The game lasted 02:22:31 (65528 turns).

namelastname112 the Imperceptible (VSAs)           Turns: 65528, Time: 02:22:32

Health: 139/139    AC: 26    Str: 25    XL:     27
Magic:  30/30      EV: 32    Int: 17    God:    Gozag
Gold:   1293       SH: 13    Dex: 28    Spells: 26/26 levels left

rFire    + . .     SeeInvis .   F - +7 captain's cutlass {speed, disarm}
rCold    . . .     Gourm    .   t - +1 buckler {AC+3}
rNeg     + + .     Faith    .   x - +2 robe of Vines {NoPotionHeal Regen+7}
rPois    .         Spirit   +   g - +2 helmet {Int+3}
rElec    +         Reflect  +   S - +2 cloak {MR+}
rCorr    .         Harm     .   P - +0 pair of gloves "Siewk" {rN+ Dex+6} (curse)
MR       +++++     Rnd*Rage +   L - +2 pair of boots {Stlth+}
Stlth    ++++......             d - amulet "Puwuhuac" {Reflect rElec MR+ Str+4 Int+3 SH+5}
HPRegen  3.93/turn              k - ring "Vopawnel" {rF+ rN+}
MPRegen  0.22/turn              X - +5 ring of protection

@: hasted, very quick
A: fangs 3, berserk 1, deterioration 1, frail 1, regeneration 2, magic shield,
antimagic bite, no potion heal 3, rot immunity, MP-powered wands
0: Orb of Zot
}: 3/15 runes: barnacled, silver, gossamer
a: Potion Petition, Call Merchant, Bribe Branch, Renounce Religion


You escaped.
You worshipped Gozag.
Gozag was most pleased with you.
You were full.

You visited 11 branches of the dungeon, and saw 53 of its levels.

You collected 33342 gold pieces.
You spent 4948 gold pieces at shops.
You paid 27101 gold pieces to Gozag.

Inventory:

Hand Weapons
 b - a +9 blowgun
 F - the +7 captain's cutlass (weapon) {speed, disarm}
   (You bought it in a shop on level 1 of the Lair of Beasts)

   Attacks with this weapon are significantly faster.
Missiles
 f - 9 curare-tipped needles
 o - 3 needles of paralysis
 J - 7 throwing nets (quivered)
 K - 6 needles of confusion
Armour
 g - a +2 helmet of intelligence (worn)
 t - a +1 buckler of protection (worn)
 x - the +2 robe of Vines (worn) {NoPotionHeal Regen+7}
   (You bought it in a shop on level 1 of the Lair of Beasts)

   It increases your rate of regeneration.
 L - a +2 pair of boots of stealth (worn)
 P - the cursed +0 pair of gloves "Siewk" (worn) {rN+ Dex+6}
   (You bought it in a shop on level 1 of the Lair of Beasts)

   It affects your dexterity (+6).
   It protects you from negative energy.
   It has a curse placed upon it.
 S - a +2 cloak of magic resistance (worn)
Jewellery
 d - the amulet "Puwuhuac" (around neck) {Reflect rElec MR+ Str+4 Int+3 SH+5}
   (You took it off a deep elf high priest on level 3 of the Elven Halls)

   [amulet of reflection]

   It shields you and reflects attacks.
   It affects your strength (+4).
   It affects your intelligence (+3).
   It insulates you from electricity.
   It affects your resistance to hostile enchantments.
   It affects your SH (+5).
 k - the ring "Vopawnel" (left hand) {rF+ rN+}
   (You found it on level 4 of the Shoals)

   [ring of positive energy]

   It protects you from fire.
   It protects you from negative energy.
 m - the ring of Shadows {Umbra +Inv Stlth+}
   (You bought it in a shop on level 1 of the Lair of Beasts)

   [ring of stealth]

   It lets you turn invisible.
   It makes you more stealthy.
 R - the ring of Phasing {EV+8}
   (You found it on level 4 of the Shoals)

   [ring of evasion]

   It affects your evasion (+8).
 X - a +5 ring of protection (right hand)
Wands
 a - a wand of iceblast (8/15)
 j - a wand of clouds (5/9)
 w - a wand of polymorph (11/24)
 y - a wand of digging (1/24)
 D - a wand of iceblast (10/15)
 M - a wand of iceblast (7/15)
 N - a wand of acid (10/15)
 O - a wand of lightning (9/15)
Scrolls
 c - 8 scrolls of magic mapping
 i - a scroll of enchant weapon
 n - 22 scrolls of remove curse
 p - 25 scrolls of identify
 r - 6 scrolls of fear
 E - 6 scrolls of silence
 I - 6 scrolls of recharging
 Q - a scroll of teleportation
 U - 4 scrolls of summoning
 Z - 8 scrolls of fog
Potions
 h - 5 potions of cancellation
 l - 4 potions of resistance
 q - 2 potions of haste
 s - 29 potions of curing
 v - 7 potions of invisibility
 z - 3 potions of mutation
 A - 8 potions of magic
 B - 5 potions of flight
 C - 11 potions of ambrosia
 G - 3 potions of berserk rage
 H - 4 potions of brilliance
 T - 4 potions of agility
 W - 8 potions of might
Miscellaneous
 V - 7 sacks of spiders
Comestibles
 e - 4 meat rations
 u - 27 bread rations
 Y - 38 fruits


   Skills:
 + Level 19.4 Fighting
 + Level 19.5 Short Blades
 - Level 15.3 Throwing
 + Level 17.5 Armour
 + Level 18.0 Dodging
 + Level 25.8 Stealth
 - Level 5.0 Shields
 + Level 9.1 Evocations


You had 26 spell levels left.
You didn't know any spells.

Dungeon Overview and Level Annotations

Branches:
Dungeon (15/15)            Temple (1/1) D:5            Lair (6/6) D:11
 Shoals (4/4) Lair:4       Spider (4/4) Lair:2        Slime (0/5) Lair:5
    Orc (2/2) D:12            Elf (3/3) Orc:2        Vaults (5/5) D:13
  Crypt (3/3) Vaults:3       Tomb (0/3) Crypt:3      Depths (5/5) D:15
    Zot (5/5) Depths:5

Altars:
Ashenzari
Cheibriados
Dithmenos
Elyvilon
Fedhas
Gozag
Hepliaklqana
Kikubaaqudgha
Makhleb
Nemelex Xobeh
Ru
Sif Muna
Vehumet
Xom
Yredelemnul
Zin
The Shining One

Shops:
D:6 *   Orc:2 ?[::   Lair:1 ([[[![(=[:   Shoals:3 *   Vaults:1 !   Vaults:2 :
Depths:1 *[[   Depths:5 *[

Portals:
Hell: Depths:1 Depths:2 Depths:3 Depths:4 Depths:5
Abyss: Depths:4 Depths:5
Pandemonium: Depths:2 Depths:3 Depths:5
Ziggurat: Depths:3

Annotations:
D:9 Qupu's ghost, journeyman MiFi
Elf:2 3 runed doors
Vaults:4 Xtahua
Depths:1 exclusion: orange crystal statue


Innate Abilities, Weirdness & Mutations

You have razor-sharp teeth.
You heal very quickly.
When hurt, damage is shared between your health and your magic reserves.
Your bite disrupts and absorbs the magic of your enemies.
Potions cannot restore your health.
You are immune to rotting.
You tend to lose your temper in combat.
Your body sometimes deteriorates upon taking damage.
You are frail. (-10% HP)
You expend magic power (3 MP) to strengthen your wands.


Message History

You regained 3 hp, and now have 186/208 hp.
You feel a strong urge to attack something.
You regained 3 hp, and now have 189/208 hp.
You regained 2 hp, and now have 191/208 hp.
You feel your anger nearly subside.
You are no longer berserk.
You are exhausted.
You feel yourself slow down.
You now have 131/139 hp.
You regained 6 hp, and now have 137/139 hp.
Health restored: 139
There is a stone staircase leading up here.
You climb upwards.
There is a stone staircase leading down here.
You feel yourself speed up.
You feel yourself speed up.
You enter the shallow water.
Moving in this stuff is going to be slow.
You recover from your berserk rage.
There is a staircase leading out of the dungeon here.
You have escaped!

#.# #.#
###≈≈≈≈≈≈≈≈≈≈##
#..# #.# #.#
#...≈≈≈≈≈≈≈≈####.#
#.# #.#
#.......(≈≈≈≈# #.#
#.# #.#
#.........≈≈≈###.#
#.########.#
#.........#≈≈≈#..#
#.##P......#
#.........##≈≈#..#
#..PPP.....#
#.........# #≈#...
#.P♣♣♣P.P..#
#.........# ##..#
#P.♣.♣P♣♣###
#@.......># #..#
..PP♣♣♣ P#
########### #...
#..P.♣♣♣P# ######
### ###..#
#....P..# #....#
#.# #.##.#
#.#.P..## #..#.#
#.# #.##.#
#.###..# #.##.#
#.# #.##.#
♣♣♣♣#.#######.##.#
#.# #.##.#
♣.♣♣...)......##.#
#.# #.##.#
.....########.##.#
#.# #.##.#


There were no monsters in sight!

Vanquished Creatures
  2 ancient liches
  5 orbs of fire (Zot:5)
  Khufu (Crypt:3)
  A juggernaut (Depths:5)
  Mara (Depths:2)
  Sojobo (Depths:5)
  A curse toe (Zot:5)
  7 golden dragons
  A pearl dragon (Depths:1)
  A profane servitor (Crypt:3)
  Jory (Depths:4)
  A bone dragon (Crypt:3)
  Jorgrun (Vaults:1)
  A Tzitzimitl (Depths:4)
  A Brimstone Fiend (Vaults:2)
  A Hell Sentinel (D:14)
  An Ice Fiend (D:9)
  Asterion (Elf:3)
  6 Orb Guardians
  5 titans
  12 tentacled monstrosities
  3 liches
  A pandemonium lord (Zot:3)
  10 death cobs
  7 ancient champions
  2 deep elf master archers (Elf:3)
  6 quicksilver dragons
  4 sphinxes
  13 tengu reavers
  Agnes (Spider:4)
  Roxanne (Shoals:4)
  Donald (Orc:2)
  3 draconian monks (Zot:4)
  Ilsuiw (Shoals:4)
  13 storm dragons
  2 revenants
  11 shadow dragons
  9 deep elf sorcerers
  4 draconian knights
  5 fire giants
  10 frost giants
  14 vault wardens
  5 ghost moths
  Aizul (Spider:3)
  4 draconian scorchers
  6 draconian shifters
  6 emperor scorpions (Spider:4)
  Louise (Depths:4)
  4 reapers (Depths:4)
  3 curse skulls
  2 iron dragons
  16 ironheart preservers
  4 deep elf elementalists
  5 ghouls
  4 war gargoyles (Vaults:5)
  2 caustic shrike skeletons (Depths:4)
  A draconian annihilator (Zot:4)
  A stone giant (shapeshifter) (Vaults:5)
  An ophan (Depths:1)
  21 stone giants
  2 spriggan defenders (Depths:3)
  5 entropy weavers
  6 vampire knights
  31 very ugly things
  11 black draconians
  8 green draconians
  4 yellow draconians
  Azrael (Spider:3)
  An apis (Depths:1)
  11 white draconians
  10 deep elf demonologists
  13 deep elf annihilators
  A lorocyproca (D:15)
  10 spark wasps
  9 purple draconians
  A green death (Depths:3)
  6 red draconians
  2 mummy priests (Crypt:3)
  22 jiangshi
  A blizzard demon (Depths:1)
  A crystal guardian (Vaults:4)
  2 merfolk javelineers (Shoals:4)
  15 ettins
  12 fire dragons
  A quicksilver dragon zombie (Crypt:1)
  16 yaktaur captains
  16 deep elf death magi
  7 merfolk impalers
  4 eidola
  8 deep elf high priests
  12 ogre magi
  15 great orbs of eyes
  28 vault guards
  7 spriggan air magi
  7 hydras
  5 rakshasas
  A hell beast (D:2)
  A spectral shadow dragon (Crypt:3)
  A quicksilver dragon skeleton (Depths:4)
  3 merfolk avatars
  2 monstrous demonspawn (Depths:3)
  5 merfolk aquamancers
  A catoblepas (Lair:6)
  4 alligator snapping turtles
  11 ice dragons
  9 centaur warriors
  3 juggernaut simulacra (Depths:4)
  Erica (D:9)
  3 satyrs
  44 two-headed ogres
  3 death knights
  A hell hog (Depths:1)
  Urug (D:14)
  3 tengu warriors
  11 deep troll shamans
  11 deep troll earth magi
  5 vampire magi
  A spectral storm dragon (Crypt:3)
  4 soul eaters (Depths:4)
  23 hell knights
  The ghost of wintastic the Carver, a novice DsGl of Trog (D:11)
  4 spriggan berserkers
  A storm dragon zombie (Depths:4)
  20 deep elf knights
  2 sun demons
  A fire crab (Lair:1)
  28 skeletal warriors
  A sixfirhy (Depths:3)
  13 shadow wraiths
  2 titan skeletons (Depths:4)
  16 sea snakes
  7 iron trolls
  A glowing orange brain (shapeshifter) (Depths:4)
  4 unseen horrors
  A ghost moth zombie (Crypt:1)
  3 glowing orange brains
  5 flayed ghosts
  A swamp dragon (shapeshifter) (Vaults:2)
  A kraken simulacrum (Shoals:4)
  An orange crystal statue (Depths:1)
  2 wizards
  45 deep trolls
  10 phantasmal warriors
  22 deep elf archers
  2 sphinx zombies (Depths:4)
  2 tengu zombies (Depths:4)
  10 necromancers
  11 ironbrand convokers
  14 orc knights
  A shadow dragon zombie (Crypt:1)
  13 orb spiders
  A stone giant zombie (Crypt:2)
  15 harpies
  A shining eye (shapeshifter) (Depths:3)
  2 fire giant zombies
  An oklob plant (Shoals:1)
  50 ugly things
  11 fauns
  9 cyclopes
  3 frost giant zombies
  28 wolf spiders
  A moth of wrath (shapeshifter) (Depths:5)
  16 manticores
  An orc sorcerer (Vaults:4)
  18 moths of wrath
  A frost giant skeleton (Crypt:1)
  74 deep elf magi
  9 merfolk sirens
  2 black mambas
  6 water nymphs
  8 elephants
  A rust devil (D:13)
  2 elf zombies (Depths:4)
  13 vault sentinels
  A titan simulacrum (Crypt:3)
  3 smoke demons (Depths:5)
  2 torpor snails
  A gargoyle (D:14)
  13 spiny frogs
  A rime drake (shapeshifter) (Depths:5)
  A rime drake (Lair:4)
  8 freezing wraiths
  A pale draconian zombie (Crypt:1)
  2 efreet
  7 komodo dragons
  11 demonic crawlers
  7 guardian mummies (Crypt:3)
  A minotaur zombie (Crypt:2)
  A spark wasp simulacrum (Depths:4)
  51 yaktaurs
  3 hellwings
  6 tengu conjurers
  A troll (shapeshifter) (Vaults:3)
  A merfolk (shapeshifter) (Depths:3)
  25 merfolk
  5 trolls
  29 jumping spiders
  A polar bear (shapeshifter) (Depths:3)
  The ghost of wintastic the Chopper, an amateur DrSk (D:4)
  15 wind drakes
  A dream sheep (shapeshifter) (Vaults:5)
  A meliai (shapeshifter) (Depths:1)
  10 snapping turtles
  A queen bee (D:10)
  3 polar bears (Lair:6)
  2 tyrant leeches (shapeshifter)
  18 hornets
  A blink frog (shapeshifter) (Vaults:2)
  Grinder (D:3)
  A bog body (Crypt:1)
  16 blink frogs
  27 slime creatures
  A hydra skeleton (Crypt:1)
  12 hippogriffs
  An iron dragon simulacrum (Depths:4)
  4 dream sheep
  55 flying skulls
  28 water elementals
  6 air elementals
  A redback (shapeshifter) (D:14)
  79 redbacks
  2 ice dragon skeletons (Crypt:1)
  29 tarantellas
  A spriggan (shapeshifter) (Depths:5)
  7 wraiths
  A wyvern (D:14)
  An ettin skeleton (Crypt:2)
  A fire bat (Lair:1)
  3 fire elementals (Spider:3)
  6 spriggans
  7 shadows
  39 yaks
  A basilisk (shapeshifter) (Vaults:4)
  An elf skeleton (Depths:4)
  A chaos spawn (Depths:5)
  A basilisk (D:12)
  A neqoxec (Depths:3)
  2 hungry ghosts
  A warg (Orc:2)
  A steam dragon (D:11)
  12 vampire mosquitoes
  A human simulacrum (Vaults:2)
  A wind drake skeleton (Crypt:2)
  2 small abominations (Crypt:3)
  2 large abominations (Crypt:3)
  2 monstrous demonspawn zombies (Crypt:1)
  2 acid dragons
  11 water moccasins
  A deep troll zombie (Crypt:2)
  A floating eye (Depths:4)
  2 floating eyes (shapeshifter)
  10 hell hounds
  A fire dragon simulacrum (Crypt:1)
  A porcupine (shapeshifter) (Vaults:4)
  An ice beast (shapeshifter) (Vaults:3)
  8 porcupines
  7 ice beasts
  A sky beast (D:13)
  A hornet zombie (D:13)
  48 orc warriors
  A black bear (D:10)
  3 phantoms
  8 necrophages
  An ogre (shapeshifter) (Vaults:1)
  A snapping turtle zombie (Crypt:1)
  A dream sheep zombie (Crypt:1)
  An eye of draining (D:14)
  10 wolves
  24 ogres
  A tengu (shapeshifter) (Depths:5)
  6 boggarts
  22 crocodiles
  A boggart (shapeshifter) (Vaults:5)
  17 centaurs
  A lindwurm skeleton (Crypt:2)
  2 big kobolds
  15 bullfrogs
  A gnoll sergeant (D:10)
  7 earth elementals
  A yaktaur skeleton (Crypt:1)
  A water moccasin zombie (D:7)
  A cyclops skeleton (Crypt:1)
  Dowan (D:7)
  8 scorpions
  25 killer bees
  2 elf simulacra
  25 wights
  A yak skeleton (Crypt:1)
  12 electric eels
  6 howler monkeys
  3 bullfrog zombies
  4 centaur zombies
  11 crimson imps
  A yaktaur simulacrum (Vaults:1)
  A soldier ant zombie (Crypt:2)
  5 centaur skeletons
  3 jellies
  2 quasits
  19 orc priests
  6 hounds
  2 iron imps
  A bullfrog skeleton (D:13)
  25 orc wizards
  A porcupine zombie (Crypt:1)
  Ijyb (D:4)
  8 iguanas
  13 worker ants
  A killer bee zombie (D:6)
  3 hound skeletons
  A howler monkey zombie (D:6)
  5 gnolls (D:10)
  An ogre simulacrum (Crypt:2)
  9 adders
  5 shadow imps
  4 white imps
  3 ufetubi
  A lava snake zombie (Crypt:2)
  An ooze (D:3)
  An adder skeleton (D:9)
  A lava snake skeleton (Crypt:1)
  4 worms
  5 dart slugs
  7 leopard geckos
  97 orcs
  7 bats
  10 giant cockroaches
  16 goblins
  14 hobgoblins
  10 jackals
  10 quokkas
  A dart slug zombie (Crypt:2)
  7 frilled lizards
  A gnoll skeleton (Crypt:2)
  15 kobolds
  A kobold skeleton (Crypt:2)
  A quokka skeleton (D:8)
  7 rats
  A rat skeleton (Crypt:2)
  A plant (Shoals:1)
2492 creatures vanquished.

Vanquished Creatures (collateral kills)
  An ancient lich (Zot:5)
  18 Orb Guardians (Zot:5)
  A draconian monk (Zot:5)
  A draconian scorcher (Zot:5)
  2 red draconians (Zot:5)
  2 white draconians (Zot:5)
25 creatures vanquished.

Vanquished Creatures (others)
  An orb of fire (Zot:5)
  2 ancient liches (Zot:5)
  2 Killer Klowns (Zot:5)
  An electric golem (Zot:5)
  3 Orb Guardians (Zot:5)
  A frost giant (Depths:5)
  A stone giant (Depths:2)
  18 dancing weapons
  An ogre mage (Depths:3)
  A satyr (Shoals:4)
  A hell hog (Depths:1)
  A spriggan berserker (Depths:5)
  A wolf spider (Spider:4)
  A cyclops (Shoals:4)
  A deep elf mage (Elf:1)
  2 yaktaurs (Depths:2)
  An air elemental (Depths:5)
  An orc warrior (Vaults:5)
  A boggart (Vaults:2)
  A centaur (Orc:2)
  An ogre (Depths:1)
  An orc priest (D:9)
  A leopard gecko (D:14)
  18 fungi
  6 plants
69 creatures vanquished.

Grand Total: 2586 creatures vanquished

Notes
Turn   | Place    | Note
-------+----------+-------------------------------------------
     0 | D:1      | namelastname112 the Vine Stalker Assassin began the quest for the Orb.
     0 | D:1      | Reached XP level 1. HP: 11/11 MP: 2/2
   100 | D:1      | Reached skill level 1 in Dodging
   137 | D:1      | Reached XP level 2. HP: 12/15 MP: 3/3
   143 | D:1      | Reached skill level 5 in Stealth
   373 | D:1      | Reached XP level 3. HP: 6/18 MP: 2/4
  1289 | D:2      | Gained mutation: Your natural rate of healing is unusually fast. [Vine Stalker growth]
  1289 | D:2      | Reached XP level 4. HP: 22/23 MP: 5/5
  1589 | D:2      | Found a glowing silver altar of Zin.
  1733 | D:3      | Reached XP level 5. HP: 24/28 MP: 6/6
  2107 | D:3      | Noticed Grinder
  2170 | D:3      | Paralysed by Grinder for 4 turns
  2184 | D:3      | Killed Grinder
  2184 | D:3      | Reached skill level 6 in Stealth
  2184 | D:3      | Reached XP level 6. HP: 9/32 MP: 7/7
  2573 | D:4      | Noticed a phantom
  2591 | D:4      | Noticed wintastic's ghost (amateur DrSk)
  2931 | D:4      | Reached XP level 7. HP: 31/37 MP: 5/8
  2968 | D:4      | Found a blossoming altar of Fedhas.
  3309 | D:4      | Reached skill level 7 in Stealth
  3444 | D:4      | Killed wintastic's ghost
  3444 | D:4      | Gained mutation: You have razor-sharp teeth. [Vine Stalker growth]
  3444 | D:4      | Reached XP level 8. HP: 29/42 MP: 9/9
  3554 | D:4      | Noticed Ijyb
  3588 | D:4      | Killed Ijyb
  3981 | D:5      | Entered Level 5 of the Dungeon
  4036 | D:5      | Found a staircase to the Ecumenical Temple.
  4067 | Temple   | Entered the Ecumenical Temple
  4142 | Temple   | Became a worshipper of Gozag Ym Sagoz the Greedy
  4646 | D:5      | Found a radiant altar of Vehumet.
  4646 | D:5      | Found a burning altar of Makhleb.
  4978 | D:6      | Reached skill level 8 in Stealth
  5349 | D:5      | Reached skill level 5 in Fighting
  5517 | D:6      | Reached skill level 5 in Short Blades
  5528 | D:6      | Found Cueneu's Assorted Antiques.
  5549 | D:6      | Bought a glowing silvery potion for 28 gold pieces
  5549 | D:6      | Bought a scroll labeled AMEILL ROYKHAW for 32 gold pieces
  5631 | D:6      | Reached XP level 9. HP: 32/47 MP: 10/10
  5647 | D:6      | Found a shattered altar of Ashenzari.
  6405 | D:7      | Reached skill level 9 in Stealth
  6416 | D:7      | Reached skill level 1 in Armour
  6608 | D:7      | Noticed Dowan
  6610 | D:7      | Noticed Duvessa
  6631 | D:7      | Noticed Duvessa
  6631 | D:7      | Duvessa changed into Duvessa the big kobold
  6639 | D:7      | Killed Duvessa the big kobold
  6651 | D:7      | Killed Dowan
  6651 | D:7      | Reached skill level 5 in Dodging
  7356 | D:8      | Reached XP level 10. HP: 34/53 MP: 9/11
  7734 | D:8      | Found a transporter.
  8066 | D:8      | Noticed a cyclops
  8122 | D:8      | Killed a cyclops
  8122 | D:8      | Reached skill level 10 in Stealth
  8143 | D:8      | Got a vibrating diamond amulet
  8186 | D:8      | Found a transporter.
  8240 | D:8      | Identified the amulet "Focreoh" {Inacc rF+ MP+9} (You found it on level 8 of the Dungeon)
  8496 | D:9      | Reached skill level 5 in Throwing
  8527 | D:9      | Noticed Qupu's ghost (journeyman MiFi)
  8552 | D:9      | Noticed Erica
  8574 | D:9      | Killed Erica
  8786 | D:10     | Entered Level 10 of the Dungeon
  8847 | D:10     | Found an opulent altar of Gozag.
  8855 | D:10     | Noticed a two-headed ogre
  8988 | D:10     | Killed a two-headed ogre
  8988 | D:10     | Reached XP level 11. HP: 41/58 MP: 8/12
  9517 | D:10     | Reached skill level 11 in Stealth
  9719 | D:9      | Found a shimmering altar of Xom.
 10575 | D:11     | Noticed wintastic's ghost (novice DsGl)
 10656 | D:11     | Killed wintastic's ghost
 10661 | D:11     | Noticed a white ugly thing
 10697 | D:11     | Killed a white ugly thing
 10751 | D:11     | Noticed a centaur warrior
 10767 | D:11     | Killed a centaur warrior
 10853 | D:11     | Reached skill level 5 in Armour
 11024 | D:11     | Noticed a cyclops
 11078 | D:11     | Killed a cyclops
 11123 | D:11     | Gained mutation: You heal very quickly. [Vine Stalker growth]
 11123 | D:11     | Reached XP level 12. HP: 40/64 MP: 13/13
 11212 | D:11     | Reached skill level 12 in Stealth
 11254 | D:11     | Found a staircase to the Lair.
 11873 | D:12     | Found a staircase to the Orcish Mines.
 11888 | D:12     | Paralysed by a hornet for 1 turns
 11950 | D:12     | Noticed a soul eater
 12537 | Lair:1   | Entered Level 1 of the Lair of Beasts
 12537 | Lair:1   | Found a transporter.
 12548 | Lair:1   | Found a transporter.
 12569 | Lair:1   | Got a faintly glowing iron ring
 12601 | Lair:1   | Identified the ring of Devotion {*Tele rElec rPois rN+} (You found it on level 1 of the Lair of Beasts)
 13760 | Lair:2   | Found a hole to the Spider Nest.
 13796 | Lair:2   | Reached skill level 13 in Stealth
 13990 | Lair:2   | Reached XP level 13. HP: 39/70 MP: 12/14
 14302 | Lair:2   | You fall through a shaft for 2 floors!
 14302 | Lair:4   | Found a white marble altar of Elyvilon.
 15132 | Lair:3   | Found a glowing silver altar of Zin.
 16505 | Lair:4   | Found a staircase to the Shoals.
 16639 | Lair:5   | Found a staircase to the Slime Pits.
 17435 | Lair:6   | Entered Level 6 of the Lair of Beasts
 17519 | Lair:6   | Reached skill level 14 in Stealth
 17604 | Lair:6   | Reached skill level 10 in Short Blades
 17654 | Lair:6   | Reached skill level 10 in Fighting
 18039 | Lair:6   | Reached XP level 14. HP: 42/77 MP: 7/15
 19188 | Lair:6   | Got a faintly glowing plate armour
 19189 | Lair:6   | Identified the cursed +1 plate armour of Rahenn {+Fly rC+ Stlth+} (You found it on level 6 of the Lair of Beasts)
 19615 | Orc:1    | Entered Level 1 of the Orcish Mines
 19844 | Orc:2    | Entered Level 2 of the Orcish Mines
 19909 | Orc:2    | Found a staircase to the Elven Halls.
 20447 | Orc:2    | Found Honewab's Book Shop.
 20447 | Orc:2    | Found Opevy's Antique Armour Emporium.
 20449 | Orc:2    | Found Ufesesch's Magic Scroll Shoppe.
 20451 | Orc:2    | Found Feeppys's Book Boutique.
 20461 | Orc:2    | Bought a scroll of acquirement for 780 gold pieces
 20536 | Orc:2    | Noticed Donald
 20553 | Orc:2    | Killed Donald
 20553 | Orc:2    | Reached skill level 15 in Stealth
 21387 | Lair:1   | Bought the +7 captain's cutlass {speed, disarm} for 1350 gold pieces
 21387 | Lair:1   | Found the +7 captain's cutlass {speed, disarm}
 21395 | Lair:1   | Bought a transparent ring mail for 216 gold pieces
 21405 | Lair:1   | Identified the +2 ring mail of the Hidden Vale {rPois Str-2 Int+2 Dex+5} (You bought it in a shop on level 1 of the Lair of Beasts)
 21430 | Lair:1   | Bought the ring of Shadows {Umbra +Inv Stlth+} for 760 gold pieces
 21430 | Lair:1   | Found the ring of Shadows {Umbra +Inv Stlth+}
 21619 | D:13     | Found a gate to the Vaults.
 21895 | D:13     | Reached skill level 10 in Dodging
 22044 | D:13     | Reached XP level 15. HP: 82/82 MP: 16/16
 22057 | D:13     | Reached skill level 1 in Shields
 22552 | D:14     | Noticed Urug
 22572 | D:14     | Killed Urug
 23732 | D:15     | Entered Level 15 of the Dungeon
 24195 | D:15     | Found a staircase to the Depths.
 24606 | Elf:1    | Entered Level 1 of the Elven Halls
 24722 | Elf:1    | Reached skill level 16 in Stealth
 25219 | Elf:1    | Reached XP level 16. HP: 88/88 MP: 17/17
 25740 | Elf:1    | Identified Kehuh's Reference Book on Creative Damage Dealing
 25995 | Elf:2    | Found a runed gate.
 25995 | Elf:2    | Found a runed gate.
 25996 | Elf:2    | Found a runed gate.
 25999 | Elf:2    | Reached skill level 10 in Armour
 26066 | Elf:2    | Reached skill level 5 in Shields
 26732 | Elf:2    | Got a glittering garnet amulet
 26734 | Elf:2    | Identified the amulet of Xom's Approval {Gourm +Fly rElec} (You found it on level 2 of the Elven Halls)
 26818 | Elf:3    | Entered Level 3 of the Elven Halls
 26903 | Elf:3    | Noticed an Executioner
 26912 | Elf:3    | Noticed an Ice Fiend
 26932 | Elf:3    | Reached skill level 17 in Stealth
 27144 | Lair:1   | Bought the +2 robe of Vines {NoPotionHeal Regen+7} for 1440 gold pieces
 27144 | Lair:1   | Found the +2 robe of Vines {NoPotionHeal Regen+7}
 27219 | Spider:1 | Entered Level 1 of the Spider Nest
 27341 | Spider:1 | Reached XP level 17. HP: 93/94 MP: 18/18
 28952 | Spider:3 | Noticed Aizul
 28994 | Spider:3 | Killed Aizul
 30067 | Spider:3 | Noticed Azrael
 30071 | Spider:3 | Killed Azrael
 30157 | Spider:4 | Entered Level 4 of the Spider Nest
 30545 | Spider:4 | Noticed Agnes
 30605 | Spider:4 | Killed Agnes
 31327 | Spider:4 | Reached XP level 18. HP: 68/100 MP: 16/19
 31626 | Spider:4 | Reached skill level 18 in Stealth
 32186 | Spider:4 | Got a gossamer rune of Zot
 32486 | Vaults:1 | Entered Level 1 of the Vaults
 32851 | Vaults:1 | Noticed Jorgrun
 32873 | Vaults:1 | Killed Jorgrun
 34103 | Vaults:1 | Found Ijeasa's Distillery.
 34376 | Vaults:2 | Reached XP level 19. HP: 105/105 MP: 20/20
 35538 | Vaults:2 | Reached skill level 19 in Stealth
 35825 | Vaults:2 | Noticed a Brimstone Fiend
 35834 | Vaults:2 | Killed a Brimstone Fiend
 36033 | Vaults:2 | Found Asocof's Book Shoppe.
 36604 | Vaults:3 | Found a staircase to the Crypt.
 36789 | Vaults:3 | Reached XP level 20. HP: 111/111 MP: 21/21
 38516 | Vaults:4 | Noticed Xtahua
 38961 | Vaults:4 | Reached skill level 20 in Stealth
 39115 | Vaults:4 | Reached skill level 10 in Throwing
 39783 | Elf:3    | Noticed Asterion
 39789 | Elf:3    | Killed Asterion
 39818 | Elf:3    | Reached XP level 21. HP: 116/116 MP: 22/22
 40414 | Elf:3    | Reached skill level 15 in Short Blades
 40546 | Elf:3    | Reached skill level 15 in Fighting
 40856 | Elf:3    | Got a wavering marble ring
 40863 | Elf:3    | Identified the ring of Wuocram {*Corrode rPois rN++ Dex+6} (You took it off a deep elf annihilator on level 3 of the Elven Halls)
 40907 | Elf:3    | Identified the Reference Book on Damaging Talismans
 40920 | Elf:3    | Identified Spellcasting, Part Six
 41046 | Elf:3    | Got a smoking steel amulet
 41047 | Elf:3    | Identified the amulet "Puwuhuac" {Reflect rElec MR+ Str+4 Int+3 SH+5} (You took it off a deep elf high priest on level 3 of the Elven Halls)
 41306 | Elf:3    | Identified the Papyrus of the Voyage and Beguiling
 41631 | Lair:1   | Bought a pair of shimmering gloves for 342 gold pieces
 41641 | Lair:1   | Identified the cursed +0 pair of gloves "Siewk" {rN+ Dex+6} (You bought it in a shop on level 1 of the Lair of Beasts)
 41741 | Shoals:1 | Entered Level 1 of the Shoals
 41979 | Shoals:1 | Found a blossoming altar of Fedhas.
 42566 | Shoals:2 | Found a runed door.
 43418 | Shoals:3 | Found Tedel's General Store.
 43879 | Shoals:4 | Entered Level 4 of the Shoals
 43958 | Shoals:4 | Reached XP level 22. HP: 122/122 MP: 23/23
 44018 | Shoals:4 | Got a warped jade ring
 44019 | Shoals:4 | Identified the ring "Vopawnel" {rF+ rN+} (You found it on level 4 of the Shoals)
 44198 | Shoals:4 | Noticed Ilsuiw
 44263 | Shoals:4 | Killed Ilsuiw
 44425 | Shoals:4 | Got a barnacled rune of Zot
 44466 | Shoals:4 | Found the +10 dark maul {crush}
 44528 | Shoals:4 | Noticed Roxanne
 44582 | Shoals:4 | Found the ring of Phasing {EV+8}
 44998 | Shoals:4 | Reached skill level 21 in Stealth
 45119 | Shoals:4 | Identified the Incunabulum of Slavery and the Mountains
 45337 | Shoals:4 | Killed Roxanne
 45338 | Shoals:4 | Identified Roxanne's Compendium of Shape Shifting (You took it off Roxanne on level 4 of the Shoals)
 45751 | Depths:1 | Entered Level 1 of the Depths
 46538 | Depths:1 | Found a gateway to Hell.
 46889 | Depths:1 | Found a glowing silver altar of Zin.
 46889 | Depths:1 | Found a glowing golden altar of the Shining One.
 46889 | Depths:1 | Found a white marble altar of Elyvilon.
 47182 | Depths:1 | Reached XP level 23. HP: 128/128 MP: 24/24
 47875 | Depths:2 | Found a one-way gate leading to the halls of Pandemonium.
 48355 | Depths:2 | Noticed Mara
 48377 | Depths:2 | Killed Mara
 48732 | Depths:3 | Reached skill level 15 in Dodging
 48974 | Depths:3 | Found a gateway to a ziggurat.
 49073 | Depths:3 | Reached skill level 22 in Stealth
 49416 | Depths:3 | Reached XP level 24. HP: 135/135 MP: 24/24
 50008 | Depths:4 | Noticed Louise
 50036 | Depths:4 | Killed Louise
 50104 | Depths:4 | Paralysed by a floating eye for 2 turns
 50120 | Depths:4 | Found a one-way gate to the infinite horrors of the Abyss.
 50175 | Depths:4 | Noticed Jory
 50246 | Depths:4 | Killed Jory
 50485 | Depths:4 | Found an ancient bone altar of Kikubaaqudgha.
 50485 | Depths:4 | Noticed an ancient lich
 50492 | Depths:4 | Killed an ancient lich
 50988 | Depths:4 | Reached skill level 15 in Armour
 51526 | Depths:5 | Entered Level 5 of the Depths
 51574 | Depths:5 | Noticed Sojobo
 51704 | Depths:5 | Killed Sojobo
 52218 | Depths:5 | Reached XP level 25. HP: 140/140 MP: 24/24
 52246 | Depths:5 | Noticed a juggernaut
 52253 | Depths:5 | Killed a juggernaut
 52697 | Depths:5 | Reached skill level 23 in Stealth
 52847 | Depths:5 | Found a gate to the Realm of Zot.
 53653 | Crypt:1  | Entered Level 1 of the Crypt
 55191 | Crypt:2  | Reached XP level 26. HP: 146/146 MP: 24/24
 55301 | Crypt:2  | Found a basalt altar of Yredelemnul.
 55313 | Crypt:2  | Reached XP level 27. HP: 150/150 MP: 24/24
 55432 | Crypt:2  | Found an ancient bone altar of Kikubaaqudgha.
 55472 | Crypt:2  | Paralysed by a floating eye for 4 turns
 55566 | Crypt:2  | Paralysed by a floating eye for 2 turns
 55572 | Crypt:2  | Paralysed by a floating eye for 2 turns
 55576 | Crypt:2  | Paralysed by a floating eye for 4 turns
 55584 | Crypt:2  | Paralysed by a floating eye for 4 turns
 55592 | Crypt:2  | Paralysed by a floating eye for 2 turns
 55598 | Crypt:2  | Paralysed by a floating eye for 2 turns
 55603 | Crypt:2  | Paralysed by a floating eye for 2 turns
 55607 | Crypt:2  | Paralysed by a floating eye for 3 turns
 55617 | Crypt:2  | Paralysed by a floating eye for 2 turns
 55732 | Crypt:3  | Entered Level 3 of the Crypt
 55959 | Crypt:3  | Found an ancient bone altar of Kikubaaqudgha.
 56259 | Crypt:3  | Identified Onybon's Papyrus of Helpful Calling
 56544 | Crypt:3  | Identified the Tome of Translocation and Clay
 56871 | Crypt:3  | Found a staircase to the Tomb.
 56871 | Crypt:3  | Noticed Khufu
 56891 | Crypt:3  | Killed Khufu
 57034 | Crypt:3  | Reached skill level 24 in Stealth
 57491 | Vaults:5 | Entered Level 5 of the Vaults
 57847 | Vaults:5 | Reached skill level 15 in Throwing
 58071 | Vaults:5 | Noticed an ancient lich
 58110 | Vaults:5 | Killed an ancient lich
 58418 | Vaults:5 | Got a silver rune of Zot
 58593 | Vaults:5 | Reached skill level 1 in Evocations
 60174 | Zot:1    | Entered Level 1 of the Realm of Zot
 60406 | Zot:1    | Reached skill level 5 in Evocations
 61530 | Zot:2    | Reached skill level 25 in Stealth
 64231 | Zot:5    | Entered Level 5 of the Realm of Zot
 64389 | Zot:5    | Noticed an ancient lich
 64396 | Zot:5    | Noticed an ancient lich
 64401 | Zot:5    | Noticed an orb of fire
 64404 | Zot:5    | Noticed an orb of fire
 64404 | Zot:5    | Noticed an orb of fire
 64404 | Zot:5    | Noticed an orb of fire
 64407 | Zot:5    | Noticed an ancient lich
 64423 | Zot:5    | Killed an ancient lich
 64428 | Zot:5    | Killed an ancient lich
 64453 | Zot:5    | Killed an orb of fire
 64454 | Zot:5    | Killed an ancient lich
 64463 | Zot:5    | Killed an orb of fire
 64479 | Zot:5    | Killed an orb of fire
 64613 | Zot:5    | Noticed an orb of fire
 64621 | Zot:5    | Noticed an orb of fire
 64623 | Zot:5    | Noticed an orb of fire
 64625 | Zot:5    | Killed an orb of fire
 64627 | Zot:5    | Noticed an orb of fire
 64652 | Zot:5    | Killed an orb of fire
 64653 | Zot:5    | Gained mutation: You expend magic power (3 MP) to strengthen your wands. [an orb of fire]
 64656 | Zot:5    | Gained mutation: You tend to lose your temper in combat. [an orb of fire]
 64669 | Zot:5    | Gained mutation: Your body sometimes deteriorates upon taking damage. [an orb of fire]
 64672 | Zot:5    | Gained mutation: You are frail. (-10% HP) [an orb of fire]
 64774 | Zot:5    | Got the Orb of Zot
 64837 | Zot:3    | Noticed Xenoag the pandemonium lord
 64858 | Zot:3    | Killed Xenoag the pandemonium lord
 65528 | D:$      | Escaped with the Orb!

Vault maps used:
D:1:      lemuel_arrival_river_ford, serial_forest,
          infiniplex_forest_straight_5, infiniplex_forest_lined_corner,
          infiniplex_forest_clump_long, infiniplex_forest_clump_medium,
          infiniplex_forest_lined_2
D:2:      overflow_temple_1_default
D:3:      kennysheep_the_goblin_king, kennysheep_generic_room_10, uniq_grinder
D:4:      fedhas_altar_3, first_bread, uniq_ijyb
D:5:      grunt_temple_overflow_lords_of_destruction,
          minmay_temple_entry_glassed_door
D:6:      cheibrodos_thug_alley, serial_shops, shop_statue,
          corexii_item_surrounded_by_moat, cheibrodos_ashenzari_chains
D:7:      uniq_duvessa
D:8:      gammafunk_the_bubble, hangedman_abyss_or_decor_slice
D:9:      overflow_temple_1_default, grunt_ogre_cave, uniq_erica
D:10:     basic_altar, special_room, item_on_display_a
D:11:     wad_arrow_thing, lair_entry_dummy
D:12:     david_orc_3
D:13:     erik_vaults_1, nicolae_water_bricks
D:14:     hangedman_decor_growths, uniq_urug
D:15:     gammafunk_enter_depths_forms, serial_glass, glass_columns_c,
          glass_columns_a, due_unseen_surprise, minmay_strange_pillars,
          feat_on_display, feat_on_display
Temple:   minmay_crystal_spiral_temple
Lair:1:   gammafunk_cloud_chamber
Lair:2:   nicolae_spider_entry_non_spiders, serial_bayou_shore_a
Lair:3:   basic_altar
Lair:4:   elwin_shoals_entry_rooms, basic_altar, grunt_megastairs_3
Lair:5:   slime_dummy
Lair:6:   gammafunk_lair_ancient_temple
Shoals:1: lemuel_oklob_altar
Shoals:2: lightli_airlock
Shoals:3: cheibrodos_shoals_epimethial_gifts, serial_shops,
          nicolae_shop_behind_doors
Shoals:4: shoals_end_grunt_ice, shoals_ilsuiw_ice, uniq_roxanne
Spider:2: nicolae_spider_webbed_stairs
Spider:3: spiders_nest_the_unseen, uniq_aizul, uniq_azrael
Spider:4: grunt_spider_rune_circles, uniq_agnes
Orc:2:    st_orc_rangers, nicolae_orc_damp_corner, uniq_donald
Elf:1:    minmay_elf_arrival_summoners, minmay_elf_sorcery
Elf:3:    minmay_elf_hall_quartered_circle, spider_trap, uniq_asterion
Vaults:1: v_rooms_3, hangedman_vaults_corner_blocks, vaults_standard_mumra_x,
          hangedman_vaults_snaps, v_misc_9, nicolae_vaults_network_quincunx,
          v_pattern_5, nicolae_vaults_little_squares_3,
          nicolae_vaults_little_squares_6, vaults_room_semicircle,
          ontoclasm_vaults_claustrophobia, nicolae_vaults_rhombus_5,
          nicolae_vaults_diagonal_hallway_6, serial_shops,
          nicolae_shop_behind_doors, uniq_jorgrun
Vaults:2: v_pattern_4, ontoclasm_vaults_ring_square,
          nicolae_vaults_three_branches, hangedman_vaults_stretched_pinwheel,
          hangedman_vaults_stream, ontoclasm_vaults_loading_screen,
          hangedman_vaults_slither, nicolae_vaults_windows_and_doors_thing,
          st_check, nicolae_vaults_little_squares_3, hangedman_vaults_nodes,
          vaults_dpeg_cross, vaults_dpeg_encased_lava, serial_shops, shop
Vaults:3: nicolae_vaults_little_squares_2, st_cross,
          minmay_crypt_entry_simple_plaza, grunt_vaults_bifocal,
          nicolae_vaults_asterisk, ontoclasm_vaults_ligature, v_rooms_4,
          serial_ice_h, vaults_dpeg_hooks, nicolae_vaults_what_the_h,
          nicolae_vaults_ring_of_whatevers
Vaults:4: hangedman_vaults_corner, nicolae_vaults_network_square,
          vaults_room_grid, vaults_room_pool, v_misc_31, v_misc_18,
          vaults_room_pools, v_alt_pattern_2, v_misc_23, ontoclasm_vaults_idyll,
          hangedman_vaults_capsules, uniq_xtahua
Crypt:1:  grunt_crypt_arrival_webbed
Crypt:2:  cheibrodos_crypt_eye_of_stone, basic_altar, minivault_11,
          minmay_misc_feat_cross, corexii_leaking_fountain
Crypt:3:  grunt_crypt_end_deaths_head
Depths:1: grunt_hell_horde, spider_trap, grunt_ministairs_8,
          minmay_statues_item, minivault_16, nicolae_twisting_strands,
          minivault_15, hallowed_hall
Depths:2: minmay_connected_triangles_in_corner, rand_demon_pan_entry_7,
          grunt_hell_entry_dis_grunt, kennysheep_minor_cross,
          minmay_staircase_statues, uniq_mara
Depths:3: kennysheep_green_arena, enter_ziggurat_e, nicolae_sextant, hell_entry,
          grunt_pan_entry_spiral, infiniplex_staircase_zigzag_1
Depths:4: evilmike_negative_zone, nicolae_abyss_entry_one_way_or_another,
          hellmouth_1, bh_chokoban, st_stairs_4, infiniplex_staircase_zigzag_3,
          uniq_jory
Depths:5: grunt_runaround, serial_shops, pan_entry, hell_entry, abyss_entry,
          uniq_sojobo
Zot:1:    zot_minivault_6
Zot:3:    lemuel_elevator

Skill      XL: |  1  2  3  4  5  6  7  8  9 10 11 12 13 14 15 16 17 18 19 20 21 22 23 24 25 26 27 |
---------------+----------------------------------------------------------------------------------+-----
Dodging        | 1 2 3 4 5 6 7 8 9 10 11 12 13 14 15 16 18 | 18.0
Fighting       | 2 3 4 5 6 7 8 9 10 11 12 13 14 15 16 17 19 | 19.4
Stealth        | 5 6 7 8 9 10 11 13 14 15 16 17 18 19 20 21 22 23 25 | 25.8
Short Blades   | 2 3 4 5 6 7 8 9 10 11 12 13 14 15 16 17 19 | 19.5
Throwing       | 3 4 5 6 7 9 10 11 12 13 14 15 | 15.3
Armour         | 2 3 5 6 7 8 9 10 11 12 13 14 15 17 | 17.5
Shields        | 4 5 |  5.0
Evocations     | 9 |  9.1

Action                   |  1- 3 |  4- 6 |  7- 9 | 10-12 | 13-15 | 16-18 | 19-21 | 22-24 | 25-27 || total
-------------------------+-------+-------+-------+-------+-------+-------+-------+-------+-------++-------
Melee: Dagger            |   119 |   217 |   444 |  1329 |  1241 |       |       |       |       ||  3350
       Bite              |    30 |    63 |   167 |   549 |   853 |   795 |   939 |  1583 |  1984 ||  6963
       Cutlass           |       |       |       |       |   652 |  2011 |  1960 |  2440 |  3051 || 10114
       Rapier            |       |       |       |       |    46 |       |       |       |       ||    46
 Fire: Blowgun           |       |       |    16 |     6 |    10 |       |       |       |       ||    32
Throw: Throwing net      |       |     1 |     1 |       |     2 |     7 |     2 |       |     5 ||    18
Invok: Potion Petition   |       |       |       |     1 |       |       |       |       |       ||     1
       Call Merchant     |       |       |       |       |     3 |     2 |     4 |     1 |     5 ||    15
       Bribe Branch      |       |       |       |       |       |       |       |       |     1 ||     1
Evoke: Wand              |       |       |     2 |     7 |     3 |       |     2 |       |     3 ||    17
  Use: Scroll            |       |    10 |     6 |    13 |    11 |    11 |    11 |     8 |    19 ||    89
       Potion            |       |       |       |     4 |       |     2 |       |     1 |     7 ||    14
 Stab: Sleeping          |     5 |    11 |    23 |    23 |    66 |    80 |   109 |    53 |    67 ||   437
       Distracted        |       |       |     6 |    15 |    20 |    31 |    19 |    33 |    60 ||   184
       Paralysed         |       |       |       |     1 |       |       |       |       |       ||     1
       Held in net/web   |       |       |       |       |     3 |     4 |     3 |       |     6 ||    16
  Eat: Chunk             |     1 |     4 |       |       |       |       |       |       |       ||     5
       Bread ration      |       |     1 |       |       |       |       |       |       |       ||     1
       Fruit             |       |       |     5 |       |       |       |       |       |       ||     5
       Royal jelly       |       |       |     2 |       |       |     5 |    12 |    13 |     5 ||    37
       Meat ration       |       |       |     1 |     4 |     8 |     4 |     1 |     1 |     7 ||    26
Armor: Robe              |    41 |    15 |       |       |       |   240 |   126 |   160 |   220 ||   802
       Leather armour    |       |    16 |    74 |   383 |   306 |       |       |       |       ||   779
       Skin              |       |       |    10 |       |       |       |       |       |       ||    10
       Ring mail         |       |       |       |       |   119 |    50 |       |       |       ||   169
Dodge: Dodged            |    94 |   115 |   172 |   889 |  1080 |   980 |   650 |  1132 |  1307 ||  6419
Block: Other             |       |       |       |       |    44 |       |       |       |       ||    44
       Buckler           |       |       |       |       |   136 |   425 |   338 |   795 |   792 ||  2486
       Reflection        |       |       |       |       |     9 |    13 |     9 |    50 |    15 ||    96

Table legend:
 A = Spawn XP
 B = Non-spawn XP
 C = Spawn XP percentage of total XP
 D = Spawn monster count
 E = Non-spawn monster count
 F = Spawn count percentage of total count
 G = Total turns spent on level
                    A         B        C        D         E        F      G
               +---------+---------+-------+---------+---------+-------+---------
         Total |       0 | 1616172 |   0.0 |       0 |    2527 |   0.0 | 65528
               +---------+---------+-------+---------+---------+-------+---------
           D:1 |       0 |      60 |   0.0 |       0 |      33 |   0.0 |  1006
           D:2 |       0 |      89 |   0.0 |       0 |      22 |   0.0 |   759
           D:3 |       0 |     398 |   0.0 |       0 |      40 |   0.0 |  1146
           D:4 |       0 |     712 |   0.0 |       0 |      20 |   0.0 |  1196
           D:5 |       0 |     512 |   0.0 |       0 |      13 |   0.0 |  1075
           D:6 |       0 |    1000 |   0.0 |       0 |      38 |   0.0 |   931
           D:7 |       0 |    1219 |   0.0 |       0 |      19 |   0.0 |   854
           D:8 |       0 |    2460 |   0.0 |       0 |      40 |   0.0 |  1401
           D:9 |       0 |    2018 |   0.0 |       0 |      21 |   0.0 |   796
          D:10 |       0 |    4568 |   0.0 |       0 |      57 |   0.0 |  1592
          D:11 |       0 |    7157 |   0.0 |       0 |      43 |   0.0 |  1280
          D:12 |       0 |    4616 |   0.0 |       0 |      42 |   0.0 |  1296
          D:13 |       0 |   12822 |   0.0 |       0 |      44 |   0.0 |  1059
          D:14 |       0 |   14297 |   0.0 |       0 |      47 |   0.0 |  1440
          D:15 |       0 |   10236 |   0.0 |       0 |      26 |   0.0 |  1075
        Lair:1 |       0 |    5815 |   0.0 |       0 |      24 |   0.0 |  1313
        Lair:2 |       0 |    3421 |   0.0 |       0 |      23 |   0.0 |  1330
        Lair:3 |       0 |    4498 |   0.0 |       0 |      14 |   0.0 |   869
        Lair:4 |       0 |    5707 |   0.0 |       0 |      26 |   0.0 |  1079
        Lair:5 |       0 |    6727 |   0.0 |       0 |      24 |   0.0 |   949
        Lair:6 |       0 |   18610 |   0.0 |       0 |      59 |   0.0 |  1888
      Shoals:1 |       0 |    9625 |   0.0 |       0 |      24 |   0.0 |   723
      Shoals:2 |       0 |   10922 |   0.0 |       0 |      26 |   0.0 |   657
      Shoals:3 |       0 |   17040 |   0.0 |       0 |      35 |   0.0 |   837
      Shoals:4 |       0 |   49545 |   0.0 |       0 |      79 |   0.0 |  1538
      Spider:1 |       0 |    9086 |   0.0 |       0 |      28 |   0.0 |   682
      Spider:2 |       0 |   11006 |   0.0 |       0 |      31 |   0.0 |   864
      Spider:3 |       0 |   17492 |   0.0 |       0 |      45 |   0.0 |  1451
      Spider:4 |       0 |   47882 |   0.0 |       0 |     108 |   0.0 |  2127
         Orc:1 |       0 |    1226 |   0.0 |       0 |       6 |   0.0 |   480
         Orc:2 |       0 |    8182 |   0.0 |       0 |      54 |   0.0 |  1325
         Elf:1 |       0 |   28482 |   0.0 |       0 |      47 |   0.0 |  1547
         Elf:2 |       0 |   30693 |   0.0 |       0 |      45 |   0.0 |  1180
         Elf:3 |       0 |   64259 |   0.0 |       0 |      64 |   0.0 |  1514
      Vaults:1 |       0 |   53333 |   0.0 |       0 |      87 |   0.0 |  2342
      Vaults:2 |       0 |   64511 |   0.0 |       0 |      98 |   0.0 |  1886
      Vaults:3 |       0 |   67804 |   0.0 |       0 |      92 |   0.0 |  1897
      Vaults:4 |       0 |   39736 |   0.0 |       0 |      56 |   0.0 |  1308
      Vaults:5 |       0 |  171165 |   0.0 |       0 |     141 |   0.0 |  2272
       Crypt:1 |       0 |   34655 |   0.0 |       0 |      58 |   0.0 |   991
       Crypt:2 |       0 |   35392 |   0.0 |       0 |      50 |   0.0 |  1136
       Crypt:3 |       0 |   81012 |   0.0 |       0 |     124 |   0.0 |  1647
      Depths:1 |       0 |   94282 |   0.0 |       0 |     115 |   0.0 |  1654
      Depths:2 |       0 |   42968 |   0.0 |       0 |      52 |   0.0 |  1257
      Depths:3 |       0 |   63700 |   0.0 |       0 |      73 |   0.0 |  1274
      Depths:4 |       0 |   90521 |   0.0 |       0 |      80 |   0.0 |  1802
      Depths:5 |       0 |  121561 |   0.0 |       0 |      95 |   0.0 |  1918
         Zot:1 |       0 |   34104 |   0.0 |       0 |      21 |   0.0 |   870
         Zot:2 |       0 |   47876 |   0.0 |       0 |      31 |   0.0 |  1078
         Zot:3 |       0 |   19404 |   0.0 |       0 |      10 |   0.0 |  1061
         Zot:4 |       0 |   66851 |   0.0 |       0 |      44 |   0.0 |  1168
         Zot:5 |       0 |   74915 |   0.0 |       0 |      33 |   0.0 |   592
               +---------+---------+-------+---------+---------+-------+---------
